 Dungeon Crawl Stone Soup version 0.30-a0-469-g84de5afbc5 (webtiles) character file.

Game seed: 8895655247567758980

123 tilp the Shield-Bearer (level 5, -4/46 HPs)
             Began as a Meteoran Fighter on Dec 19, 2022.
             Killed from afar by Dowan (10 damage)
             ... with a stone arrow
             ... on level 4 of the Dungeon.
             The game lasted 00:03:32 (403 turns).

tilp the Shield-Bearer (Meteoran Fighter)            Turns: 403, Time: 00:03:33

Health: -4/46      AC:  7    Str: 17    XL:     5   Next: 54%
Magic:  6/6        EV: 10    Int:  9    God:
Gold:   70         SH:  5    Dex: 16    Spells: 4/4 levels left

rFire   + . .      SeeInvis .    a - +0 long sword
rCold   + . .      Faith    .    c - +0 buckler
rNeg    . . .      Spirit   .    b - +0 scale mail
rPois   +          Reflect  .    (no helmet)
rElec   +          Harm     .    (no cloak)
rCorr   +          Rampage  .    (no gloves)
Will    .....                    (no boots)
Stlth   ..........               (no amulet)
HPRegen 0.27/turn                (no ring)
MPRegen 0.10/turn                (no ring)

@: resistant, attractive, glowing
A: sense surroundings 1, otherworldly, glowing, explore regen
a: no special abilities


You were on level 4 of the Dungeon.
You visited 1 branch of the dungeon, and saw 4 of its levels.

You collected 70 gold pieces.

Inventory:

Hand Weapons
 a - a +0 long sword (weapon)
Missiles
 j - a throwing net (quivered)
Armour
 b - a +0 scale mail (worn)
 c - a +0 buckler (worn)
Scrolls
 f - 2 scrolls of identify {unknown}
 h - a scroll of blinking {unknown}
 i - a scroll of vulnerability {unknown}
Potions
 d - a potion of might
 e - a potion of cancellation


   Skills:
 + Level 3.8 Fighting
 + Level 3.2 Long Blades
 - Level 4.0 Armour
 * Level 3.2 Dodging
 + Level 1.1 Stealth
 - Level 4.0 Shields


You had 4 spell levels left.
You didn't know any spells.
Your spell library contained the following spells:

 Spells                   Type           Power      Damage    Failure   Level
 Conjure Ball Lightning   Conj/Air       0%         3x3d7     100%        6
 Discord                  Hex            0%         N/A       100%        8
 Disjunction              Tloc           0%         N/A       100%        8


Dungeon Overview and Level Annotations

Branches:
Dungeon (4/15) Zot: 1981
 Temple: D:4-7

Altars:

Annotations:
D:4 Dowan


Innate Abilities, Weirdness & Mutations

You passively map a small area around you.
You are easily found by Zot.
You glow in the dark.
You regain HP and MP as you explore.


Message History

Your Armour skill increases to level 4!
Your Dodging skill gained 2 levels and is now at level 3!
Your Stealth skill increases to level 1!
Your Shields skill increases to level 4!
You have reached level 4!
You have reached level 5!
You slash Dowan!
Dowan is severely wounded.
You block Dowan's attack. Dowan hits you but does no damage.
You barely miss Dowan.
Dowan is severely wounded.
Dowan mumbles some strange words.
Dowan blinks!
Unknown command.
Dowan casts a spell at you. The stone arrow hits you!
* * * LOW HITPOINT WARNING * * *
You see here a +0 short sword of venom.
It was a potion of cancellation.
Your magical effects are unravelling.
You feel magically purged.
You feel a little less mighty now.
Dowan casts a spell.
Dowan blinks!
It was a potion of resistance.
You feel protected.
It was a potion of attraction.
You feel attractive to monsters. Dowan is attracted toward you.
You closely miss Dowan.
Dowan is severely wounded.
Dowan hits you with a +0 dagger.
* * * LOW HITPOINT WARNING * * *
Dowan closely misses you.
Unknown command.
You barely miss Dowan.
Dowan is severely wounded.
Dowan points at you and mumbles some strange words.
The stone arrow hits you!
You die...

,
,##.........###
,.#.#..........#
, .............#
,, ..e..#..)..##
###..###..e### ,
...e.###...## ,
, #....*##...# ,
, #...####ยง.##
#...@e.## , ,
#...#).#
........##### ,
....##### * ..#
, . , , , , ,


You could see Dowan (fast).

Vanquished Creatures
  Duvessa (D:4)
  A dart slug (D:2)
  An orc (D:4)
  2 endoplasms
  A giant cockroach (D:1)
  A goblin (D:1)
  A hobgoblin (D:1)
  2 quokkas (D:1)
  A ball python (D:1)
  2 bats (D:1)
  A frilled lizard (D:2)
  A kobold (D:1)
  8 rats
23 creatures vanquished.

Notes
Turn   | Place    | Note
-------+----------+-------------------------------------------
     0 | D:1      | tilp the Meteoran Fighter began the quest for the Orb.
     0 | D:1      | Reached XP level 1. HP: 19/19 MP: 2/2
    77 | D:1      | Reached XP level 2. HP: 26/26 MP: 3/3
    86 | D:1      | Reached skill level 1 in Dodging
   291 | D:2      | Reached XP level 3. HP: 31/31 MP: 4/4
   380 | D:4      | Noticed Duvessa
   381 | D:4      | Noticed Dowan
   394 | D:4      | Killed Duvessa
   395 | D:4      | Reached skill level 1 in Stealth
   395 | D:4      | Reached XP level 4. HP: 16/40 MP: 5/5
   395 | D:4      | Reached XP level 5. HP: 18/46 MP: 6/6
   403 | D:4      | Killed from afar by Dowan

Illustrated notes

Levels and vault maps discovered:
D:1:      dpeg_arrival_rhombi, layout_rooms, minmay_rat_gold_closets
D:2:      layout_loops_corners, basic_altar, shapermc_ecumenical_altar_ellora,
          kennysheep_nondescript, minmay_goblin_kobold_house, uniq_natasha
D:3:      layout_loops_corners, nicolae_underground_beach
D:4:      layout_cave_pools, uniq_duvessa, uniq_sigmund

Skill      XL: |  1  2  3 |
---------------+----------+-----
Dodging        | 1 3 |  3.2
Long Blades    | 3 |  3.2
Armour         | 4 |  4.0
Stealth        | 1 |  1.1
Shields        | 4 |  4.0
Fighting       | |  3.8

Action                   |  1- 3 |  4- 6 || total
-------------------------+-------+-------++-------
Melee: Long sword        |    44 |     4 ||    48
  Use: Potion            |     1 |     3 ||     4
Armor: Scale mail        |    18 |     1 ||    19
Dodge: Dodged            |    11 |     1 ||    12
Block: Buckler           |     5 |     1 ||     6

Table legend: (Time is in decaauts)
 A = Elapsed time spent in this place.
 B = Non-inter-level travel time spent in this place.
 C = Inter-level travel time spent in this place.
 D = Time resting spent in this place.
 E = Time spent auto-exploring this place.
 F = Levels seen in this place.
 G = Mean time per level.
                   A        B        C        D        E       F      G
               +--------+--------+--------+--------+--------+-----+--------+
         Total |    417 |    417 |      0 |      0 |      0 |   4 |  104.2 |
       Dungeon |    417 |    417 |      0 |      0 |      0 |   4 |  104.2 |
               +--------+--------+--------+--------+--------+-----+--------+

Top non-repeatable levels by time:
     D:1: 262 daAuts
     D:2: 90 daAuts
     D:4: 42 daAuts
     D:3: 21 daAuts
